Map: Para Site LE

Players

Apoptosis

  • Race: Zerg Zerg
  • League: Diamond
  • Spawn Location: 11:00

Björn - Winner!

  • Race: Zerg Zerg
  • League: Diamond
  • Spawn Location: 5:00

VOD

Have the link to the VOD?

Description

Time

  • Played on: Nov. 8, 2018, 1:22 a.m.
  • Length: 9:55
Show
View Real Time Build Order
Export as new Build Order

Apoptosis Zerg 

Build Orders: Hatch First 

Get SALT Encoding   

  12  0:02  Drone  
  13  0:13  Overlord  
  13  0:17  Drone  
  14  0:31  Drone x2  
  16  0:51  Hatchery  
  16  0:52  Drone  
  16  0:56  Drone  
  17  1:00  Drone  
  18  1:10  Extractor  
  17  1:16  Spawning Pool  
  16  1:19  Drone  
  16  1:22  Drone  
  18  1:28  Drone  
  19  1:39  Overlord  
  19  1:50  Drone  
  20  2:03  Queen x2  
  20  2:04  Zergling x4  
  26  2:10  Metabolic Boost  
  26  2:13  Drone  
  27  2:16  Drone  
  27  2:22  Drone  
  29  2:24  Drone  
  30  2:32  Drone  
  30  2:35  Drone  
  32  2:44  Overlord  
  32  2:51  Baneling Nest  
  31  3:00  Hatchery  
  30  3:08  Drone x3  
  33  3:15  Drone x3  
  36  3:24  Zergling x10  
  40  3:34  Drone x2  
  42  3:42  Baneling x3  
  42  3:47  Drone  
  42  3:48  Overlord x2  
  43  4:01  Overlord x2  
  43  4:06  Queen  
  42  4:13  Zergling x4  
  44  4:18  Baneling x2  
  44  4:19  Drone x4  
  44  4:20  Baneling  
  44  4:21  Baneling x3  
  44  4:23  Queen  
  50  4:24  Drone x2  
  50  4:25  Drone x3  
  55  4:37  Drone  
  55  4:38  Drone x3  
  56  4:52  Extractor  
  56  4:53  Extractor, Roach Warren  
  53  5:03  Zergling x8  
  57  5:08  Evolution Chamber x2  
  57  5:13  Lair  
  55  5:17  Overlord x3  
  55  5:26  Queen  
  57  5:32  Drone  
  57  5:33  Drone x4  
  57  5:34  Drone x3  
  66  5:35  Drone  
  66  5:36  Overlord  
  66  5:38  Zerg Missile Weapons Level 1  
  66  5:39  Zerg Ground Armor Level 1  
  66  5:53  Drone x3  
  66  5:54  Overlord x4  
  69  6:02  Burrow  
  68  6:23  Drone x4  
  68  6:24  Drone x5  
  77  6:28  Drone, Glial Reconstitution  
  77  6:29  Overlord x2  
  77  6:30  Overlord x2  
  77  6:42  Roach x2  
  77  6:43  Roach  
  77  6:46  Overseer x2  
  83  6:57  Roach  
  83  6:58  Roach x9  
  103  7:02  Overlord  
  103  7:03  Extractor x2  
  101  7:10  Roach x2  
  105  7:18  Roach x2  
  105  7:19  Roach x3  
  115  7:26  Drone x4  
  119  7:32  Hatchery, Drone  
  119  7:33  Drone, Hydralisk Den  
  119  7:37  Zergling x4  
  119  7:44  Queen  
  123  7:52  Roach x7  
  123  7:53  Roach  
  141  8:13  Roach x9  
  157  8:26  Roach x6  
  157  8:27  Roach  
  171  8:28  Zergling x2  
  169  8:46  Roach  
  169  8:47  Roach x2  
  171  9:06  Roach x16  
  161  9:11  Roach x4  
  161  9:12  Roach x6  
  161  9:15  Roach x15  
  157  9:21  Roach x2  
  157  9:22  Roach  
  133  9:30  Zergling x2  
  133  9:31  Zergling x6  
Show
View Real Time Build Order
Export as new Build Order

Björn Zerg - Winner!

Build Orders: Hatch First 

Get SALT Encoding   

  12  0:01  Drone  
  13  0:13  Overlord  
  13  0:17  Drone  
  14  0:31  Drone x2  
  16  0:36  Drone  
  17  0:51  Hatchery  
  17  0:54  Drone  
  17  0:57  Drone  
  18  1:08  Extractor  
  17  1:12  Spawning Pool  
  17  1:15  Drone  
  17  1:18  Drone  
  18  1:29  Drone  
  19  1:41  Overlord  
  19  1:52  Drone  
  20  2:02  Queen  
  20  2:03  Queen  
  20  2:04  Zergling x4  
  26  2:09  Metabolic Boost  
  26  2:12  Drone  
  27  2:20  Drone  
  28  2:24  Drone  
  29  2:31  Drone  
  29  2:36  Drone x2  
  32  2:44  Hatchery, Drone  
  32  2:58  Baneling Nest  
  31  3:09  Overlord  
  31  3:11  Drone x5  
  36  3:16  Overlord  
  35  3:22  Zergling x2  
  36  3:32  Zergling x6  
  36  3:33  Zergling x4  
  41  3:37  Queen  
  43  3:41  Baneling x2  
  43  3:43  Zergling x2  
  43  3:48  Zergling x12  
  50  3:57  Roach Warren, Baneling  
  50  3:58  Baneling  
  49  4:04  Drone x3  
  48  4:11  Drone x3  
  50  4:24  Lair  
  50  4:26  Overlord  
  50  4:27  Drone x4, Evolution Chamber  
  53  4:31  Baneling x2  
  53  4:42  Baneling  
  49  4:45  Drone x5  
  49  4:46  Drone x3  
  56  4:54  Drone x6  
  60  5:04  Extractor x2  
  58  5:11  Spine Crawler, Drone  
  58  5:12  Drone x7  
  65  5:17  Zerg Missile Weapons Level 1  
  65  5:24  Overlord  
  65  5:25  Overlord x2  
  65  5:43  Overlord x2  
  65  5:44  Drone x9  
  65  5:49  Glial Reconstitution  
  74  5:57  Extractor, Roach  
  74  5:58  Roach x5  
  74  6:01  Extractor  
  74  6:03  Extractor  
  83  6:05  Roach x2  
  83  6:07  Overlord x4  
  87  6:14  Overlord  
  87  6:15  Overlord x2  
  87  6:28  Roach x9  
  107  6:33  Roach  
  107  6:39  Roach x5  
  119  6:47  Roach x2  
  119  6:51  Drone  
  122  6:56  Roach  
  122  6:57  Roach x3  
  130  7:02  Roach x2  
  130  7:06  Roach  
  130  7:07  Roach x4  
  130  7:08  Hatchery  
  143  7:11  Zerg Missile Weapons Level 2  
  143  7:16  Overlord x2  
  143  7:32  Roach x5  
  143  7:35  Overlord x3  
  153  7:37  Ravager x2  
  153  7:38  Ravager x2  
  153  7:41  Overseer  
  153  7:42  Pneumatized Carapace  
  157  7:52  Roach x6  
  169  8:10  Overlord  
  169  8:11  Roach, Overlord  
  169  8:12  Roach x9  
  189  8:31  Roach  
  189  8:32  Roach x5  
  193  8:49  Roach  
  193  8:50  Roach x2  
  193  9:03  Roach x3  
  175  9:17  Roach x3  
  175  9:18  Roach x10  
  189  9:28  Roach x6  
  199  9:32  Overseer  
  188  9:39  Hydralisk Den  
  169  9:51  Spine Crawler  
  180  9:53  Spine Crawler  
Tags
 
Add a new tag
Caveats
  • Supply blocks, unpowered buildings, or Contaminate may cause inaccurate times.
  • Supply counts are checked every 10 seconds.